 Dungeon Crawl Stone Soup version 0.17-a0-1115-g0372368 (webtiles) character file.

80826 RobertPalmer the Spry (level 15, 10/148 HPs)
             Began as an Ogre Chaos Knight on May 21, 2015.
             Quit the game on level 4 of the Orcish Mines on May 22, 2015.
             The game lasted 01:13:45 (23220 turns).

RobertPalmer the Spry (Ogre Chaos Knight)          Turns: 23220, Time: 01:13:45

Health: 10/148     AC: 12    Str: 25    XL:     15   Next: 68%
Magic:  0/15       EV: 13    Int: 13    God:    Xom [....*.]
Gold:   1755       SH: 14    Dex:  8    Spells: 4 memorised, 5 levels left

rFire  + + +     SeeInvis +     a - +5 eveningstar
rCold  + + +     Clarity  .     R - +4 skin of Zhor {rC+++}
rNeg   . . .     SustAt   .     h - +4 shield {rC+ rF+}
rPois  +         Gourm    .     f - +0 hat
rElec  .         Spirit   +     g - +0 cloak of Imick {rF++ Regen+ Dex-4}
rCorr  .         Warding  .     (gloves unavailable)
rMut   .         Stasis   .     (boots unavailable)
MR     +....                    q - amulet of Mabb {Spirit SInv}
Stlth  +.........               B - +3 ring of slaying
                                H - +4 ring of strength

@: heavily drained, somewhat resistant to hostile enchantments, very unstealthy
A: unfitting armour, claws 1, iridescent scales 1, frail 1, poison resistance,
spit poison 1, tough skin 1
a: Spit Poison, Renounce Religion


You were on level 4 of the Orcish Mines.
You worshipped Xom.
You were a beloved toy of Xom.
You were not hungry.

You visited 3 branches of the dungeon, and saw 24 of its levels.
You also visited: Bailey.

You collected 1875 gold pieces.
You spent 120 gold pieces at shops.

Inventory:

Hand weapons
 a - a +5 eveningstar (weapon)
   (You found it on level 4 of the Dungeon)
 b - a +0 blowgun
   (You took it off a kobold on level 9 of the Dungeon)
Missiles
 v - 3 throwing nets {=f, !d}
 O - a curare-tipped needle
Armour
 f - a +0 hat (worn)
   (You took it off Gastronok on level 2 of the Lair of Beasts)
 g - the +0 cloak of Imick (worn) {rF++ Regen+ Dex-4}
   (Xom gifted it to you on level 3 of the Dungeon)

   It affects your dexterity (-4).
   It greatly protects you from fire.
   It increases your rate of regeneration.
 h - a +4 shield of resistance (worn)
   (Xom gifted it to you on level 3 of the Dungeon)
 K - a troll hide {regen}
   (You found it on level 12 of the Dungeon)
 R - the +4 skin of Zhor (worn) {rC+++}
   (Xom gifted it to you on level 4 of the Lair of Beasts)

   It renders you almost immune to cold.
Jewellery
 d - an uncursed amulet of clarity {Clar, !d}
   (You found it on level 7 of the Lair of Beasts)
 m - an uncursed ring of wizardry {Wiz+, !d}
   (You found it on level 2 of the Dungeon)
 q - the amulet of Mabb (around neck) {Spirit SInv}
   (You found it on level 4 of the Dungeon)

   [amulet of guardian spirit]

   It causes incoming damage to be split between your health and magic.
   It lets you see invisible.
 u - an uncursed amulet of rage {+Rage, !d}
   (You found it on level 1 of the Lair of Beasts)
 B - a +3 ring of slaying (right claw)
   (You found it on level 6 of the Dungeon)
 H - a +4 ring of strength (left claw)
   (Xom gifted it to you on level 8 of the Dungeon)
 M - a cursed ring of teleportation {+/*tele, !d}
   (You found it on level 2 of the Lair of Beasts)
Magical devices
 p - a wand of fire (2)
   (You found it on level 4 of the Lair of Beasts)
 s - a wand of fireball (15)
   (You found it on level 3 of the Lair of Beasts)
 S - a wand of fire (2)
   (You found it on level 7 of the Lair of Beasts)
Scrolls
 e - 2 scrolls of amnesia
 C - 3 scrolls of remove curse
Potions
 k - 6 potions of brilliance
 l - 4 potions of lignification {!q}
 n - 3 potions of cancellation
 o - 8 potions of curing
 t - 2 potions of haste
 w - a potion of resistance
 F - a potion of mutation {!q}
 L - 3 potions of might
 N - 3 potions of magic
Books
 y - a book of Flames
   (You found it on level 5 of the Dungeon)
 z - a Fen Folio
   (You found it on level 11 of the Dungeon)
 A - a book of Control
   (You found it on level 4 of the Lair of Beasts)
 D - a book of Beasts
   (You found it on level 2 of the Lair of Beasts)
 G - a book of Conjurations
   (You found it on level 1 of the Lair of Beasts)
 I - Liyw's Grimoire of Frigorific Creation
   (You found it on level 12 of the Dungeon)

   Spells                             Type                      Level
   a - Summon Small Mammal            Summoning                    1
   b - Throw Frost                    Conjuration/Ice              2
   c - Summon Ice Beast               Ice/Summoning                4
   d - Summon Mana Viper              Hexes/Summoning              5
   e - Freezing Cloud                 Conjuration/Ice/Air          6
   f - Ozocubu's Refrigeration        Ice                          6
   g - Summon Hydra                   Summoning                    7
   h - Dragon's Call                  Summoning                    9
 J - a book of Death
   (You found it on level 7 of the Lair of Beasts)
 Q - the Collected Works on the Blaze and Attacks
   (You found it on level 12 of the Dungeon)

   Spells                             Type                      Level
   a - Sting                          Conjuration/Poison           1
   b - Conjure Flame                  Conjuration/Fire             3
   c - Ignite Poison                  Fire/Transmutation/Poison    3
   d - Inner Flame                    Hexes/Fire                   3
   e - Sticky Flame                   Conjuration/Fire             4
   f - Bolt of Magma                  Conjuration/Fire/Earth       5
   g - Fireball                       Conjuration/Fire             5
 T - a book of Power
   (You found it on level 7 of the Lair of Beasts)
 U - a book of Minor Magic
   (You found it on level 8 of the Lair of Beasts)
Comestibles
 c - 7 bread rations {@e1}
 i - 8 meat rations {@e2}
 j - a chunk of flesh {@w0}
 x - 17 fruits


   Skills:
 + Level 14.8(11.8) Fighting
 - Level 16.4(13.2) Maces & Flails
 - Level 16.8(13.6) Dodging
 - Level 9.0(6.4) Shields


You had 5 spell levels left.
You knew the following spells:

 Your Spells              Type           Power        Failure   Level  Hunger
b - Blink                 Tloc           N/A          80%         2    ###....
d - Repel Missiles        Chrm/Air       #.....       80%         2    ###....
B - Summon Butterflies    Summ           #.......     56%         1    ##.....
C - Control Teleport      Chrm/Tloc      #.........   100%        4    #####..


Dungeon Overview and Level Annotations

Branches:
Dungeon (12/15)            Temple (0/1) D:5            Lair (8/8) D:8
 Shoals (0/4) Lair:4       Spider (0/4) Lair:6        Slime (0/6) Lair:8
    Orc (4/4) D:12
    Elf: Orc:3-4

Altars:
Ashenzari
Elyvilon
Fedhas
Makhleb
Nemelex Xobeh
Qazlal
Sif Muna
Trog
Xom
The Shining One
Jiyva

Shops:
D:5 (   Orc:4 *(:

Annotations:
D:7 Hanyuu's ghost, experienced OpTm; Joseph
D:8 exclusion: 2 oklob saplings
Orc:4 Saint Roka


Innate Abilities, Weirdness & Mutations

You are too large for most types of armour.
You have tough skin (AC +1).
You have sharp fingernails.
You are partially covered in iridescent scales (AC +4).
You are frail (-10% HP).
Your system is resistant to poisons.
You can spit weak poison.


Message History

You puncture the orc sorcerer! You claw the orc sorcerer.
You block the orc warrior's attack. The blue devil misses your short sword.
The orc warrior closely misses you. The orc warrior barely misses you.
You puncture the orc sorcerer! Your kick misses the orc sorcerer.
The orc sorcerer hits you with a dagger.
The orc warrior hits you from afar with a trident.
You take 6 damage, and have 63/115 hp.
You bludgeon the orc sorcerer!!
You kill the orc sorcerer! "Serve the mortal, my child!"
You are now a beloved toy of Xom.
You block the sixfirhy's attack. The sixfirhy hits you.
The sixfirhy shocks you!
Something barely misses the sixfirhy.
You block the sixfirhy's attack.
The orc high priest hits something with an enchanted hand axe.
The blue devil hits you!
The orc warrior throws a tomahawk.
The tomahawk hits you!
* * * LOW HITPOINT WARNING * * *
Something hits the sixfirhy.
The orc warrior hits you with a halberd!
* * * LOW HITPOINT WARNING * * *
Unknown command.
You take 38 damage, and have 25/115 hp.
MASSIVE DAMAGE!!
You now have 5/15 mp.
Unknown command.
Drink which item? (? for menu, Esc to quit)
Okay, then.
Read which item? (? for menu, Esc to quit)
Okay, then.
Okay, then.
Drink which item? (? for menu, Esc to quit)
Really quaff
P - a potion of cure mutation {!q}?
It has a very clean taste.
Your talons dull and shrink into feet.
You feel robust.
You feel genetically stable.
You feel an ache in your throat.
You feel robust.
The sixfirhy hits you but does no damage. x2
You block the orc warrior's attack.
The orc high priest closely misses something.
You block the ice devil's attack.
The orc warrior throws a tomahawk.
The tomahawk barely misses you. The blue devil hits you.
* * * LOW HITPOINT WARNING * * *
Something closely misses the sixfirhy.
Your crimson imp hits the ice devil but does no damage.
You now have 4/15 mp.
Unknown command.
Drink which item? (? for menu, Esc to quit)
You feel better.
The orc warrior throws a tomahawk.
You block the tomahawk. The ice devil closely misses you.
Something misses the sixfirhy.
The orc high priest hits something but does no damage.
The orc warrior misses you. You block the orc warrior's attack.
The blue devil hits you.
* * * LOW HITPOINT WARNING * * *
The orc warrior throws a tomahawk.
The tomahawk hits you!
* * * LOW HITPOINT WARNING * * *
Your crimson imp hits the ice devil but does no damage.
You take 3 damage, and have 22/148 hp.
You now have 2/15 mp.
Drink which item? (? for menu, Esc to quit)
You feel better.
Something completely misses the sixfirhy.
You block the ice devil's attack.
The blue devil hits you but does no damage.
The orc high priest hits something but does no damage.
The orc warrior hits you from afar with a trident!
* * * LOW HITPOINT WARNING * * *
The orc warrior barely misses you.
The sixfirhy hits you but does no damage.
Your crimson imp hits the ice devil but does no damage.
You take 8 damage, and have 14/148 hp.
You now have 1/15 mp.
Drink which item? (? for menu, Esc to quit)
You feel better.
You hear the steady crackling of a distant melting archway.
You block the sixfirhy's attack. The sixfirhy hits you!
* * * LOW HITPOINT WARNING * * *
The sixfirhy shocks you!
* * * LOW HITPOINT WARNING * * *
Something completely misses the sixfirhy.
The sixfirhy hits you.
You die... "Hey, things were just getting interesting!"
Xom revives you! The sixfirhy shocks you!
* * * LOW HITPOINT WARNING * * *
The orc warrior barely misses you. The ice devil barely misses you.
The blue devil misses you.
The orc warrior hits you from afar with a trident!
* * * LOW HITPOINT WARNING * * *
The orc high priest closely misses something.
The sixfirhy misses you.
The orc warrior hits you with a halberd.
* * * LOW HITPOINT WARNING * * *
Something hits the sixfirhy!
Your crimson imp barely misses the ice devil.
You take 4 damage, and have 10/148 hp.
You now have 0/15 mp.
Read which item? (? for menu, Esc to quit)
Okay, then.
Unknown command.
Unknown command.
Drink which item? (? for menu, Esc to quit)
Okay, then.

..[.)#.## #####.##
........####.##...#
..).##...........#
................##
.................#
........h##...(..#
..P..##..##.....##
..P...#...##.o.4######
..)...#....###.#@o...#
.......#..##..o4o3.....#
.......####.......5.P..#
.......# ##........8..P
........# #.............
.....#.## #.......∩.....
..P....#
##............#......
......##
##..................
..#...# .......


You could see an ice devil, an orc high priest, a sixfirhy, a blue devil, 3 orc
warriors and a friendly crimson imp.

Vanquished Creatures
  Gastronok (Lair:2)
  The ghost of totalnoob the Cleaver, a powerful HOFi of Ru (Bailey)
  Fannar (Lair:1)
  4 catoblepae (Lair:8)
  Erica (D:10)
  5 hydras
  The ghost of l0ser140 the Covert, a powerful OpFE of Vehumet (D:10)
  27 death yaks
  A queen ant (shapeshifter) (Lair:4)
  A vampire mage (D:12)
  3 orc high priests (Orc:4)
  Nergalle (Orc:2)
  A fire crab (Lair:8)
  A wizard (D:10)
  An unseen horror (D:8)
  Pikel (D:6)
  A hill giant (D:11)
  4 orc sorcerers
  A griffon (Lair:2)
  3 orc knights (Bailey)
  A manticore (D:12)
  A sixfirhy (Orc:4)
  A shining eye (Bailey)
  An octopode (Lair:7)
  Maurice (D:11)
  12 elephants (Lair:8)
  5 black mambas
  3 torpor snails
  6 naga magi (D:12)
  An orange demon (Orc:4)
  15 spiny frogs
  6 komodo dragons
  3 fire drakes
  A red devil (Lair:8)
  A polar bear (Lair:5)
  A troll (D:12)
  Prince Ribbit (D:6)
  A spectral orc (Orc:2)
  9 blink frogs
  2 boulder beetles
  A snapping turtle (Lair:4)
  A shadow (D:11)
  A tarantella (Lair:6)
  Sigmund (D:8)
  A wyvern (D:11)
  A wraith (D:10)
  4 deep elf magi (D:12)
  61 yaks
  6 vampire mosquitoes (D:12)
  2 basilisks (Lair:8)
  4 wandering mushrooms (D:8)
  4 wolves
  11 hippogriffs
  12 water moccasins
  15 porcupines
  3 sky beasts
  Duvessa (D:6)
  A phantom (D:12)
  3 slaves (D:6)
  A black bear (D:9)
  2 necrophages
  20 orc warriors
  An ice beast (D:3)
  An ogre (shapeshifter) (D:12)
  21 crocodiles
  8 ogres
  19 giant frogs
  A wyvern zombie (D:8)
  2 big kobolds
  Dowan (D:6)
  A scorpion (shapeshifter) (Bailey)
  2 small abominations (Lair:8)
  3 killer bees (D:9)
  3 scorpions
  2 electric eels (Lair:1)
  2 giant frog zombies
  5 wights (D:10)
  10 crimson imps
  2 centaur zombies
  2 hounds
  A quasit (D:10)
  An iron imp (Lair:8)
  5 jellies
  Crazy Yiuf (D:3)
  2 giant frog skeletons
  16 orc priests
  8 worker ants
  10 orc wizards
  14 iguanas
  13 sheep
  2 hound zombies
  A worker ant zombie (D:7)
  4 gnolls
  6 adders
  45 river rats
  7 shadow imps
  3 oozes
  An adder skeleton (D:4)
  An adder zombie (D:9)
  3 worms
  7 giant geckos
  129 orcs
  A ball python (D:2)
  25 bats
  A bat skeleton (D:5)
  A bat zombie (D:8)
  4 giant cockroaches
  22 hobgoblins
  25 kobolds
  8 quokkas
  2 giant gecko skeletons (D:5)
  5 giant newts
  28 goblins
  A quokka skeleton (D:9)
  15 rats
  5 fungi
797 creatures vanquished.

Vanquished Creatures (collateral kills)
  A warg (Orc:4)
  Edmund (D:4)
  4 orc warriors (Orc:4)
  2 ogres (D:4)
  2 scorpions (D:4)
  A killer bee (D:9)
  2 hounds (D:4)
  2 adders
  A river rat (Lair:7)
  An adder skeleton (D:4)
  5 orcs
  3 bats
  2 jackals (D:4)
  A rat (D:4)
  2 fungi
30 creatures vanquished.

Vanquished Creatures (others)
  An eldritch tentacle (D:11)
  2 dancing weapons (Orc:4)
  A death yak (Lair:7)
  A fire vortex (Bailey)
  A porcupine (Lair:1)
  A giant frog (D:11)
  3 quasits
  The ghost of Yermak the Caller, a weakling FeSu (D:3)
  An iron imp (D:9)
  2 shadow imps
  3 ufetubi
  3 white imps
  A bat (D:3)
  A hobgoblin (D:3)
  A giant newt (D:4)
  2 bushes (Lair:8)
  A butterfly (D:10)
  72 eldritch tentacle segments (D:11)
  24 fungi
  13 plants
135 creatures vanquished.

Grand Total: 962 creatures vanquished

Notes
Turn   | Place    | Note
--------------------------------------------------------------
     0 | D:1      | RobertPalmer the Ogre Chaos Knight began the quest for the Orb.
     0 | D:1      | Reached XP level 1. HP: 24/24 MP: 1/1
    27 | D:1      | XOM: divination: detect items
    46 | D:1      | Reached XP level 2. HP: 21/32 MP: 2/2
    83 | D:1      | Reached skill level 5 in Maces & Flails
   156 | D:1      | XOM: noise
   273 | D:1      | Reached XP level 3. HP: 26/39 MP: 3/3
   361 | D:1      | XOM: give mutations
   361 | D:1      | Gained mutation: You are dopey. (Int -2) [Xom's mischief]
   361 | D:1      | Gained mutation: You have sharp fingernails. [Xom's mischief]
  1107 | D:2      | Reached skill level 6 in Maces & Flails
  1143 | D:2      | Found a shimmering altar of Xom.
  1237 | D:2      | Reached XP level 4. HP: 38/48 MP: 4/4
  1695 | D:3      | Noticed Yermak's ghost (weakling FeSu)
  1697 | D:3      | XOM: 2-stop teleportation journey
  1703 | D:3      | XOM: smoke on damage
  1770 | D:3      | Noticed an ice beast
  1775 | D:3      | XOM: confuse monster(s)
  1795 | D:3      | Killed an ice beast
  1795 | D:3      | Reached skill level 7 in Maces & Flails
  1795 | D:3      | Reached XP level 5. HP: 54/54 MP: 5/5
  1835 | D:3      | XOM: summons 3 friendly demons
  1899 | D:2      | Reached skill level 8 in Maces & Flails
  2032 | D:3      | XOM: god gift: jewelled cloak {god gift}
  2033 | D:3      | Got a jewelled cloak {god gift}
  2033 | D:3      | HP: 5/54 [Xom's lightning strike (45)]
  2033 | D:3      | Killed Yermak's ghost
  2033 | D:3      | XOM: divine lightning
  2041 | D:2      | Identified the +0 cloak of Imick {rF++ Regen+ Dex-4} (Xom gifted it to you on level 3 of the Dungeon)
  2173 | D:2      | XOM: vitrification
  2600 | D:3      | XOM: vitrification
  2716 | D:3      | XOM: god gift: runed shield {god gift}
  2831 | D:3      | Reached XP level 6. HP: 22/62 MP: 6/6
  3154 | D:3      | Noticed Crazy Yiuf
  3158 | D:3      | Killed Crazy Yiuf
  3245 | D:3      | XOM: vitrification
  3395 | D:4      | Reached skill level 9 in Maces & Flails
  3467 | D:4      | XOM: confuse monster(s)
  3598 | D:4      | Reached skill level 10 in Maces & Flails
  3598 | D:4      | Reached XP level 7. HP: 70/70 MP: 7/7
  3664 | D:4      | Noticed Edmund
  3675 | D:4      | Killed Edmund
  3748 | D:4      | Found a white marble altar of Elyvilon.
  3780 | D:4      | Reached skill level 11 in Maces & Flails
  3923 | D:4      | XOM: summons 7 friendly demons
  3983 | D:4      | Got a pitted ruby amulet
  3984 | D:4      | Identified the amulet of Mabb {Spirit SInv} (You found it on level 4 of the Dungeon)
  3990 | D:4      | XOM: vitrification
  4129 | D:4      | Reached skill level 1 in Shields
  4165 | D:5      | Entered Level 5 of the Dungeon
  4215 | D:5      | Noticed Blork the orc
  4223 | D:5      | Noticed Blork
  4223 | D:5      | Blork the orc changed into Blork the sheep
  4223 | D:5      | XOM: polymorph Blork the orc -> Blork the sheep
  4224 | D:5      | Killed Blork the sheep
  4249 | D:5      | XOM: vitrification
  4250 | D:5      | Found a staircase to the Ecumenical Temple.
  4368 | D:5      | XOM: enchant monster (good)
  4372 | D:5      | Reached skill level 2 in Shields
  4372 | D:5      | Reached XP level 8. HP: 78/78 MP: 8/8
  4382 | D:5      | XOM: vitrification
  4395 | D:5      | Reached skill level 3 in Shields
  4601 | D:5      | Found a burning altar of Makhleb.
  4696 | D:5      | Found Tiluahoto's Antique Weapon Shop.
  4712 | D:5      | Bought a morningstar for 120 gold pieces
  4878 | D:6      | Noticed Sigmund
  4976 | D:6      | XOM: polymorph ogre -> wolf
  4992 | D:6      | Reached skill level 4 in Shields
  5031 | D:6      | XOM: vitrification
  5090 | D:6      | Noticed Duvessa
  5090 | D:6      | Noticed Dowan
  5104 | D:6      | Killed Duvessa
  5104 | D:6      | Reached skill level 5 in Shields
  5108 | D:6      | Killed Dowan
  5126 | D:6      | Noticed Prince Ribbit
  5131 | D:6      | Reached skill level 6 in Shields
  5133 | D:6      | Killed Prince Ribbit
  5133 | D:6      | Reached XP level 9. HP: 75/84 MP: 7/9
  5172 | D:6      | XOM: 1-stop teleportation journey
  5194 | D:6      | Reached skill level 7 in Shields
  5485 | D:6      | Noticed Pikel
  5504 | D:6      | XOM: enchant monster (good)
  5509 | D:6      | XOM: confuse monster(s)
  5524 | D:6      | Killed Pikel
  5524 | D:6      | Reached skill level 8 in Shields
  5630 | D:6      | XOM: 2-stop teleportation journey
  5642 | D:6      | XOM: give mutations
  5642 | D:6      | Gained mutation: Your spells are a little harder to cast, but a little more powerful. [Xom's grace]
  5642 | D:6      | Gained mutation: You are robust (+10% HP). [Xom's grace]
  5642 | D:6      | Lost mutation: You are dopey. (Int -2) [Xom's grace]
  5642 | D:6      | Gained mutation: You have sharp toenails. [Xom's grace]
  5725 | D:7      | Noticed Joseph
  5785 | D:7      | XOM: confuse monster(s)
  5908 | D:7      | XOM: mild Summ miscast
  5926 | D:7      | XOM: give mutations
  5926 | D:7      | Gained mutation: You evolve. [Xom's mischief]
  5926 | D:7      | Gained mutation: You are occasionally teleported to nearby monsters. [Xom's mischief]
  5926 | D:7      | Lost mutation: You are robust (+10% HP). [Xom's mischief]
  5926 | D:7      | Gained mutation: You are frail (-10% HP). [Xom's mischief]
  5985 | D:7      | Noticed Hanyuu's ghost (experienced OpTm)
  6004 | D:7      | XOM: give mutations
  6004 | D:7      | Lost mutation: You evolve. [Xom's mischief]
  6004 | D:7      | Lost mutation: Your spells are a little harder to cast, but a little more powerful. [Xom's mischief]
  6004 | D:7      | Gained mutation: You are dopey. (Int -2) [Xom's mischief]
  6004 | D:7      | Gained mutation: You are very frail (-20% HP). [Xom's mischief]
  6087 | D:7      | XOM: harmless Conj miscast
  6093 | D:7      | XOM: butterfly on damage
  6095 | D:7      | Reached skill level 9 in Shields
  6431 | D:8      | XOM: 2-stop teleportation journey
  6575 | D:8      | Reached skill level 12 in Maces & Flails
  6619 | D:8      | XOM: silly message
  6631 | D:8      | Noticed a komodo dragon
  6632 | D:8      | Found a staircase to the Lair.
  6635 | D:8      | Noticed an unseen horror
  6635 | D:8      | a komodo dragon changed into an unseen horror
  6635 | D:8      | XOM: polymorph komodo dragon -> unseen horror
  6706 | D:8      | XOM: smoke on damage
  6711 | D:8      | Reached XP level 10. HP: 45/71 MP: 6/10
  6720 | D:8      | Killed an unseen horror
  6720 | D:8      | Reached skill level 13 in Maces & Flails
  6916 | D:8      | XOM: enchant monster (good)
  6951 | D:8      | Killed Sigmund
  6951 | D:8      | Reached skill level 3 in Dodging
  7073 | D:8      | XOM: god gift: viscous orange potion
  7137 | D:8      | XOM: god gift: large golden ring {god gift}
  7149 | D:8      | Found a glowing golden altar of the Shining One.
  7149 | D:8      | XOM: give mutations
  7149 | D:8      | Lost mutation: You are very frail (-20% HP). [Xom's grace]
  7149 | D:8      | Gained mutation: You have a pair of small horns on your head. [Xom's grace]
  7149 | D:8      | Gained mutation: You can breathe flames. [Xom's grace]
  7149 | D:8      | Lost mutation: You can breathe flames. [Xom's grace]
  7440 | D:8      | Noticed a wandering mushroom
  7440 | D:8      | Noticed a wandering mushroom
  7445 | D:8      | Killed a wandering mushroom
  7445 | D:8      | Reached skill level 4 in Dodging
  7468 | D:8      | XOM: chaos cloud
  7553 | D:8      | Noticed a wandering mushroom
  7559 | D:8      | Killed a wandering mushroom
  7589 | D:8      | Found a blossoming altar of Fedhas.
  7589 | D:8      | Noticed a wandering mushroom
  7656 | D:8      | Killed a wandering mushroom
  7661 | D:8      | Killed a wandering mushroom
  7679 | D:8      | XOM: cast spell 'Ice Form'
  7827 | D:9      | Reached skill level 5 in Dodging
  8053 | D:9      | XOM: summons 8 friendly demons
  8069 | D:9      | XOM: smoke on damage
  8117 | D:9      | Found a blossoming altar of Fedhas.
  8141 | D:9      | Reached skill level 6 in Dodging
  8180 | D:9      | Found a bloodstained altar of Trog.
  8180 | D:9      | Found a shattered altar of Ashenzari.
  8181 | D:9      | Found a stormy altar of Qazlal.
  8226 | D:9      | XOM: give mutations
  8226 | D:9      | Gained mutation: You evolve. [Xom's grace]
  8226 | D:9      | Lost mutation: You are dopey. (Int -2) [Xom's grace]
  8532 | D:10     | Entered Level 10 of the Dungeon
  8606 | D:10     | Noticed l0ser140's ghost (powerful OpFE)
  8683 | D:10     | Killed l0ser140's ghost
  8683 | D:10     | Reached skill level 7 in Dodging
  8794 | D:10     | Reached XP level 11. HP: 82/88 MP: 9/11
  8803 | D:10     | Reached skill level 8 in Dodging
  8909 | D:10     | XOM: fog
  9041 | D:10     | XOM: summons 5 hostile demons
  9177 | D:10     | Noticed a wizard
  9177 | D:10     | XOM: butterfly on damage
  9187 | D:10     | XOM: noise
  9190 | D:10     | Killed a wizard
  9191 | D:10     | XOM: chaos cloud
  9194 | D:10     | Noticed Erica
  9228 | D:10     | Killed Erica
  9228 | D:10     | Reached skill level 9 in Dodging
  9413 | D:11     | XOM: severe Summ miscast
  9419 | D:11     | Noticed an eldritch tentacle
  9420 | D:11     | XOM: fog
  9428 | D:11     | Found a sparkling altar of Nemelex Xobeh.
  9450 | D:11     | Killed an eldritch tentacle
  9562 | D:11     | Noticed Maurice
  9563 | D:11     | XOM: summons friendly shadow imp
  9572 | D:11     | Killed Maurice
  9813 | D:11     | Noticed a hill giant
  9819 | D:11     | Killed a hill giant
  9819 | D:11     | Reached skill level 10 in Dodging
  9939 | D:12     | Found a deep blue altar of Sif Muna.
  9953 | D:12     | XOM: confuse monster(s)
 10117 | D:12     | Found a flagged portal.
 10128 | D:12     | XOM: smoke on damage
 10129 | D:12     | XOM: potion effect (curing)
 10132 | D:12     | Reached skill level 5 in Fighting
 10188 | Bailey   | Entered a bailey
 10323 | Bailey   | Noticed totalnoob's ghost (powerful HOFi)
 10344 | Bailey   | XOM: butterfly on damage
 10348 | Bailey   | Killed totalnoob's ghost
 10348 | Bailey   | Reached skill level 11 in Dodging
 10619 | Bailey   | Noticed an orc knight
 10718 | Bailey   | XOM: cast spell 'Spider Form'
 10742 | Bailey   | Killed an orc knight
 10742 | Bailey   | Reached XP level 12. HP: 73/99 MP: 12/12
 10991 | Bailey   | Noticed an orc knight
 10991 | Bailey   | Noticed an orc knight
 10993 | Bailey   | XOM: swap monsters
 10997 | Bailey   | XOM: chaos cloud
 11172 | Bailey   | Gained mutation: You expend magic power (3 MP) to strengthen your wands. [a shining eye]
 11182 | Bailey   | Gained mutation: You tend to lose your temper in combat. [a shining eye]
 11183 | Bailey   | Reached skill level 14 in Maces & Flails
 11200 | Bailey   | Killed an orc knight
 11215 | Bailey   | XOM: noise
 11221 | Bailey   | XOM: noise
 11225 | Bailey   | Killed an orc knight
 11250 | Bailey   | Gained mutation: You can spit weak poison. [potion of beneficial mutation]
 11483 | Lair:1   | Entered Level 1 of the Lair of Beasts
 11681 | Lair:1   | Noticed Fannar
 11697 | Lair:1   | Killed Fannar
 11697 | Lair:1   | Reached skill level 15 in Maces & Flails
 11893 | Lair:1   | XOM: medium Fire miscast
 12245 | Lair:1   | XOM: summons 1 hostile demon
 12293 | Lair:1   | XOM: colour smoke trail
 12461 | Lair:1   | Noticed a six-headed hydra
 12468 | Lair:1   | Killed a six-headed hydra
 12567 | Lair:1   | XOM: harmless Fire miscast
 12680 | Lair:1   | XOM: stat loss: -1 Str (23/24)
 12726 | Lair:2   | Reached skill level 16 in Maces & Flails
 12794 | Lair:2   | XOM: 2-stop teleportation journey
 12795 | Lair:2   | Noticed Gastronok
 12824 | Lair:2   | XOM: swap monsters
 12846 | Lair:1   | XOM: mild Chrm miscast
 12848 | Lair:1   | XOM: confuse monster(s)
 12905 | Lair:1   | XOM: severe Tloc miscast
 12973 | Lair:2   | XOM: harmless Tloc miscast
 12981 | Lair:2   | Reached skill level 6 in Fighting
 13006 | Lair:2   | Reached skill level 7 in Fighting
 13166 | Lair:2   | Reached skill level 8 in Fighting
 13242 | Lair:2   | XOM: medium Ice miscast
 13346 | Lair:2   | XOM: mild Conj miscast
 13388 | Lair:2   | Killed Gastronok
 13388 | Lair:2   | Reached skill level 10 in Fighting
 13608 | Lair:3   | Reached XP level 13. HP: 119/119 MP: 13/13
 13615 | Lair:2   | XOM: medium Air miscast
 13647 | Lair:2   | Lost mutation: You expend magic power (3 MP) to strengthen your wands. [evolution]
 13668 | Lair:3   | XOM: give mutations
 13668 | Lair:3   | Gained mutation: You occasionally shout uncontrollably at your foes. [Xom's mischief]
 13668 | Lair:3   | Lost mutation: You tend to lose your temper in combat. [Xom's mischief]
 13668 | Lair:3   | Lost mutation: You are occasionally teleported to nearby monsters. [Xom's mischief]
 13759 | Lair:3   | Reached skill level 11 in Fighting
 14167 | Lair:3   | XOM: noise
 14437 | Lair:4   | Reached skill level 12 in Fighting
 14471 | Lair:4   | XOM: potion effect (berserk rage)
 15117 | Lair:4   | XOM: god gift: +4 skin of Zhor {rC+++}
 15120 | Lair:4   | XOM: colour smoke trail
 15161 | Lair:4   | Found a staircase to the Shoals.
 15171 | Lair:4   | Reached skill level 13 in Fighting
 15467 | Lair:5   | XOM: 4-stop teleportation journey
 15491 | Lair:5   | XOM: cast spell 'Warp Weapon'
 15501 | Lair:5   | XOM: give mutations
 15501 | Lair:5   | Gained mutation: You are partially covered in iridescent scales (AC +4). [Xom's grace]
 15501 | Lair:5   | Gained mutation: You can spit poison. [Xom's grace]
 15501 | Lair:5   | Gained mutation: You can translocate small distances at will. [Xom's grace]
 15663 | Lair:5   | XOM: 3-stop teleportation journey
 15812 | Lair:5   | XOM: divination: detect items
 15824 | Lair:5   | XOM: polymorph death yak -> entropy weaver
 15825 | Lair:5   | XOM: destruction
 15829 | Lair:5   | XOM: 1-stop teleportation journey
 15830 | Lair:5   | Upgraded the game from 0.17-a0-1105-gbe8b664 to 0.17-a0-1115-g0372368
 15914 | Lair:5   | XOM: potion effect (berserk rage)
 15922 | Lair:5   | XOM: vitrification
 16093 | Lair:4   | XOM: 2-stop teleportation journey
 16159 | Lair:5   | Reached skill level 12 in Dodging
 16544 | Lair:5   | XOM: 1-stop teleportation journey
 16715 | Lair:5   | XOM is BORED!
 16715 | Lair:5   | XOM: mild Trmt miscast
 16837 | Lair:6   | XOM: noise
 17004 | Lair:6   | Found a hole to the Spider Nest.
 17215 | Lair:6   | Reached skill level 13 in Dodging
 17392 | Lair:6   | XOM: god gift: throwing net
 17596 | Lair:7   | Reached XP level 14. HP: 129/137 MP: 12/14
 17636 | Lair:7   | XOM: enchant monster (good)
 17641 | Lair:7   | XOM: swap monsters
 17709 | Lair:7   | XOM: confuse monster(s)
 17978 | Lair:7   | XOM: confuse monster(s)
 17992 | Lair:7   | Reached skill level 14 in Dodging
 18008 | Lair:7   | XOM: potion effect (berserk rage)
 18021 | Lair:7   | XOM: 4-stop teleportation journey
 18070 | Lair:7   | XOM: colour smoke trail
 18258 | Lair:7   | Gained mutation: You are very frail (-20% HP). [evolution]
 18262 | Lair:7   | XOM: confusion (+ monsters)
 18266 | Lair:7   | XOM: confusion (+ monsters)
 18268 | Lair:7   | XOM: polymorph yak -> octopode
 18455 | Lair:7   | Got an iridescent longbow
 18682 | Lair:7   | XOM: silly message
 18751 | Lair:8   | Entered Level 8 of the Lair of Beasts
 18766 | Lair:8   | XOM: mild Trmt miscast
 18784 | Lair:8   | XOM: noise
 18789 | Lair:8   | XOM: 1-stop teleportation journey
 18794 | Lair:8   | HP: 27/122 [seven-headed hydra (13)]
 18796 | Lair:8   | Found a viscous altar of Jiyva.
 18796 | Lair:8   | Found a staircase to the Slime Pits.
 18802 | Lair:8   | HP: 26/122 [poisoned by a spiny frog]
 18809 | Lair:7   | HP: 29/122 [poisoned by a spiny frog]
 18906 | Lair:7   | XOM: noise
 19079 | Lair:8   | XOM: enchant monster (bad)
 19081 | Lair:8   | XOM: chaos cloud
 19099 | Lair:8   | XOM: medium Summ miscast
 19132 | Lair:8   | XOM: chaos cloud
 19140 | Lair:8   | Paralysed by you for 3 turns
 19187 | Lair:8   | XOM: noise
 19211 | Lair:8   | XOM: fog
 19226 | Lair:8   | Reached skill level 15 in Dodging
 19227 | Lair:8   | XOM: draining
 19261 | Lair:8   | XOM: stat loss: -1 Dex (6/7)
 19455 | Lair:8   | XOM: silly message
 19516 | Lair:8   | XOM: 1-stop teleportation journey
 19529 | Lair:8   | XOM: summons friendly white imp
 19541 | Lair:8   | XOM: 1-stop teleportation journey
 19553 | Lair:8   | XOM: summons 2 hostile demons
 19569 | Lair:8   | HP: 14/122 [red devil/trident of freezing[Xom] (20)]
 19790 | Lair:8   | XOM: give mutations
 19790 | Lair:8   | Gained mutation: You are extremely frail (-30% HP). [Xom's mischief]
 19790 | Lair:8   | Lost mutation: You have a pair of small horns on your head. [Xom's mischief]
 19825 | Lair:8   | XOM: give mutations
 19825 | Lair:8   | Gained mutation: Your system is resistant to poisons. [Xom's mischief]
 19825 | Lair:8   | Lost mutation: You can translocate small distances at will. [Xom's mischief]
 19856 | Lair:8   | XOM: enchant monster (good)
 19894 | Lair:8   | XOM: confuse monster(s)
 20034 | Lair:8   | XOM: fog
 20047 | Lair:8   | XOM: summons friendly shadow imp
 20056 | Lair:8   | XOM: summons friendly quasit
 20151 | Lair:8   | XOM: fog
 20165 | Lair:7   | XOM: summons 8 friendly demons
 20253 | Lair:8   | XOM: confuse monster(s)
 20262 | Lair:8   | Reached XP level 15. HP: 111/111 MP: 15/15
 20288 | Lair:8   | Reached skill level 16 in Dodging
 20354 | Lair:8   | XOM: chaos cloud
 20451 | Lair:8   | XOM: swap monsters
 20458 | Lair:8   | XOM: enchant monster (good)
 20465 | Lair:8   | XOM: swap monsters
 20580 | Lair:8   | Lost mutation: You occasionally shout uncontrollably at your foes. [evolution]
 20595 | Lair:8   | XOM: summons 14 friendly demons
 20685 | Lair:8   | XOM: enchant monster (good)
 20722 | Lair:8   | XOM: divine lightning
 20730 | Lair:8   | HP: 22/111 [death yak (23)]
 20738 | Lair:8   | XOM: confuse monster(s)
 20987 | Lair:8   | XOM: enchant monster (good)
 20991 | Lair:8   | XOM: summons 3 friendly demons
 21000 | Lair:8   | XOM: enchant monster (good)
 21004 | Lair:8   | XOM: destruction
 21007 | Lair:8   | XOM: potion effect (berserk rage)
 21071 | Lair:8   | Got a pitted ice dragon armour {rC++, rF-}
 21105 | Lair:8   | Identified the +1 ice dragon armour of Puggiekk {rF- rC++ rN+ Dex-4 Stlth+, rC++, rF-} (You found it on level 8 of the Lair of Beasts)
 21494 | D:12     | XOM: 2-stop teleportation journey
 21529 | D:12     | Noticed a vampire mage
 21538 | D:12     | Killed a vampire mage
 21562 | D:12     | XOM: chaos upgrade
 21829 | D:12     | Identified the Collected Works on the Blaze and Attacks
 21877 | D:12     | Identified Liyw's Grimoire of Frigorific Creation
 21885 | D:12     | Learned a level 2 spell: Repel Missiles
 21888 | D:12     | Learned a level 2 spell: Blink
 21893 | D:12     | Learned a level 4 spell: Control Teleport
 21895 | D:12     | Learned a level 1 spell: Summon Butterflies
 21912 | D:12     | XOM: summons 8 friendly demons
 21926 | D:12     | Reached skill level 14 in Fighting
 21930 | D:12     | HP: 25/114 [orc sorcerer/bolt of negative energy (15)]
 21932 | D:12     | HP: 7/114 [sun demon[an orc sorcerer] (14)]
 22157 | D:12     | Found a staircase to the Orcish Mines.
 22171 | Orc:1    | Entered Level 1 of the Orcish Mines
 22436 | Orc:2    | Noticed Nergalle
 22501 | Orc:2    | Killed Nergalle
 22793 | Orc:3    | XOM: 4-stop teleportation journey
 22800 | Orc:3    | XOM: confusion (+ monsters)
 22893 | Orc:3    | XOM: draining
 22943 | Orc:3    | XOM: harmless Conj miscast
 22958 | Orc:4    | Entered Level 4 of the Orcish Mines
 23114 | Orc:4    | XOM: harmless Ice miscast
 23119 | Orc:4    | Noticed Saint Roka
 23130 | Orc:4    | Found Emeomonk's Book Boutique.
 23135 | Orc:4    | Found Sistrein's General Store.
 23205 | Orc:4    | Found Gucw's Antique Weapon Boutique.
 23209 | Orc:4    | XOM: enchant monster (bad)
 23215 | Orc:4    | XOM: summons friendly crimson imp
 23215 | Orc:4    | HP: 25/115 [orc warrior/halberd (8)]
 23216 | Orc:4    | Lost mutation: You have sharp toenails. [potion of cure mutation]
 23216 | Orc:4    | Lost mutation: You are extremely frail (-30% HP). [potion of cure mutation]
 23216 | Orc:4    | Lost mutation: You evolve. [potion of cure mutation]
 23216 | Orc:4    | Lost mutation: You can spit poison. [potion of cure mutation]
 23216 | Orc:4    | Lost mutation: You are very frail (-20% HP). [potion of cure mutation]
 23219 | Orc:4    | HP: 12/148 [sixfirhy[an orc high priest] (10)]
 23219 | Orc:4    | HP: 4/148 [sixfirhy[an orc high priest] (8)]
 23219 | Orc:4    | Xom revived you
 23220 | Orc:4    | Quit the game

Vault maps used:
D:1:      evilmike_arrival_run_for_it, st_stairs_5
D:2:      xom_butterflies, minmay_box_of_dots
D:3:      grunt_decor_one_mirror, hangedman_abyss_or_decor_stabs,
          minmay_misc_feat_cross, uniq_crazy_yiuf_cottage
D:4:      old_forge, elyvilon_altar_4, first_bread, uniq_edmund
D:5:      lemuel_doored_altar, minmay_temple_entry_junction, serial_shops,
          kennysheep_mini, minivault_1, grunt_decor_resistance,
          minmay_crystal_room, uniq_blork_the_orc
D:6:      minivault_22, uniq_pikel, uniq_prince_ribbit1, uniq_sigmund,
          uniq_duvessa
D:7:      uniq_menkaure, uniq_joseph
D:8:      nicolae_tso_carved_into_rock, dpeg_lair_monsters,
          hangedman_tree_tricks, grunt_decor_arrowhead
D:9:      gammafunk_temple_overflow_claw, basic_altar
D:10:     spider_trap, sword_in_stone
D:11:     nemelex_altar_shiori, uniq_maurice
D:12:     evilmike_library_of_no_secrets, orc_0_dummy, enter_bailey_3,
          serial_column_ruins, column_ruins_square_large, column_ruins_grid_1,
          column_ruins_grid_2, column_ruins_open_small, column_ruins_grid_1,
          column_ruins_corridor_corner
Lair:1:   serial_bayou, serial_bayou_ford_a, serial_bayou_pond_e,
          serial_bayou_pond_a, serial_bayou_pond_e, uniq_fannar
Lair:2:   st_stairs_13, uniq_gastronok
Lair:4:   minmay_shoals_entry_hut
Lair:5:   infiniplex_staircase_pool_2
Lair:6:   spider_nest_entry_rubble
Lair:8:   evilmike_catoblepas_cave, slime_altar_1
Orc:1:    nicolae_orc_lava_room
Orc:2:    uniq_nergalle
Orc:3:    nicolae_orc_pool_cavern
Orc:4:    grunt_orc_gardens, grunt_orc_garden, grunt_orc_garden,
          grunt_orc_garden, grunt_orc_garden,
          portal_ice_cave_entry_animals_and_master, serial_shops,
          nicolae_shop_temple_entry_statues_fountains, uniq_saint_roka
Bailey:   bailey_polearm_5, bailey

Action                   |  1- 3 |  4- 6 |  7- 9 | 10-12 | 13-15 || total
-------------------------+-------+-------+-------+-------+-------++-------
Melee: Mace              |   114 |   148 |    25 |       |       ||   287
       Whip              |       |    30 |       |       |       ||    30
       Flail             |       |       |    39 |       |       ||    39
       Giant club        |       |       |    51 |       |       ||    51
       Eveningstar       |       |       |   206 |   638 |  1255 ||  2099
       Unarmed           |       |       |       |     4 |       ||     4
 Fire: Blowgun           |       |       |       |     2 |     2 ||     4
 Abil: Spit Poison       |       |       |       |       |     2 ||     2
Evoke: Wand              |       |     2 |     2 |    15 |     3 ||    22
  Use: Scroll            |       |     9 |     6 |    30 |    12 ||    57
       Potion            |       |     1 |     2 |    11 |    11 ||    25
 Stab: Paralysed         |     1 |       |     1 |     6 |     7 ||    15
       Sleeping          |     1 |       |       |       |       ||     1
       Confused          |       |     4 |       |       |     4 ||     8
       Petrifying        |       |       |     1 |       |     2 ||     3
       Petrified         |       |       |     1 |       |       ||     1
       Invisible         |       |       |       |     8 |       ||     8
       Held in net/web   |       |       |       |       |     1 ||     1
       Distracted        |       |       |       |       |     1 ||     1
  Eat: Chunk             |     1 |     8 |    10 |    19 |    26 ||    64
       Royal jelly       |       |       |       |     1 |     1 ||     2
       Beef jerky        |       |       |       |     2 |     2 ||     4
       Bread ration      |       |       |       |       |     1 ||     1

Vault maps used:
D:1:      evilmike_arrival_run_for_it, st_stairs_5
D:2:      xom_butterflies, minmay_box_of_dots
D:3:      grunt_decor_one_mirror, hangedman_abyss_or_decor_stabs,
          minmay_misc_feat_cross, uniq_crazy_yiuf_cottage
D:4:      old_forge, elyvilon_altar_4, first_bread, uniq_edmund
D:5:      lemuel_doored_altar, minmay_temple_entry_junction, serial_shops,
          kennysheep_mini, minivault_1, grunt_decor_resistance,
          minmay_crystal_room, uniq_blork_the_orc
D:6:      minivault_22, uniq_pikel, uniq_prince_ribbit1, uniq_sigmund,
          uniq_duvessa
D:7:      uniq_menkaure, uniq_joseph
D:8:      nicolae_tso_carved_into_rock, dpeg_lair_monsters,
          hangedman_tree_tricks, grunt_decor_arrowhead
D:9:      gammafunk_temple_overflow_claw, basic_altar
D:10:     spider_trap, sword_in_stone
D:11:     nemelex_altar_shiori, uniq_maurice
D:12:     evilmike_library_of_no_secrets, orc_0_dummy, enter_bailey_3,
          serial_column_ruins, column_ruins_square_large, column_ruins_grid_1,
          column_ruins_grid_2, column_ruins_open_small, column_ruins_grid_1,
          column_ruins_corridor_corner
Lair:1:   serial_bayou, serial_bayou_ford_a, serial_bayou_pond_e,
          serial_bayou_pond_a, serial_bayou_pond_e, uniq_fannar
Lair:2:   st_stairs_13, uniq_gastronok
Lair:4:   minmay_shoals_entry_hut
Lair:5:   infiniplex_staircase_pool_2
Lair:6:   spider_nest_entry_rubble
Lair:8:   evilmike_catoblepas_cave, slime_altar_1
Orc:1:    nicolae_orc_lava_room
Orc:2:    uniq_nergalle
Orc:3:    nicolae_orc_pool_cavern
Orc:4:    grunt_orc_gardens, grunt_orc_garden, grunt_orc_garden,
          grunt_orc_garden, grunt_orc_garden,
          portal_ice_cave_entry_animals_and_master, serial_shops,
          nicolae_shop_temple_entry_statues_fountains, uniq_saint_roka
Bailey:   bailey_polearm_5, bailey

Table legend:
 A = Turns spent in this place as a percentage of turns spent in the entire game.
 B = Non-inter-level travel turns spent in this place as a percentage of non-inter-level travel turns spent in the entire game.
 C = Inter-level travel turns spent in this place as a percentage of turns spent in this place.
 D = Turns resting spent in this place as a percentage of non-inter-level travel turns spent in this place.
 E = Turns spent auto-exploring this place as a percentage of non-inter-level travel turns spent in this place.
 F = Non-inter-level travel turns spent in this place divided by the number of levels of this place that you've seen.
                   A       B       C       D       E      F
               +-------+-------+-------+-------+-------+----------------------
         Total | 100.0 | 100.0 |   0.5 |   2.1 |   6.7 | 409.9
       Dungeon |  46.2 |  46.2 |   0.7 |   2.2 |   7.8 | 394.2
          Lair |  40.2 |  40.2 |   0.4 |   2.0 |   6.1 | 515.4
  Orcish Mines |   6.7 |   6.7 |   0.7 |   0.3 |   9.1 | 170.8
        Bailey |   6.9 |   6.9 |   0.0 |   3.8 |   0.4 | 711.0
               +-------+-------+-------+-------+-------+----------------------

Table legend:
 A = Kills in this place as a percentage of kills in entire the game.
 B = Kills by you in this place as a percentage of kills by you in the entire game.
 C = Kills by friends in this place as a percentage of kills by friends in the entire game.
 D = Other kills in this place as a percentage of other kills in the entire game.
 E = Experience gained in this place as a percentage of experience gained in the entire game.
 F = Experience gained in this place divided by the number of levels of this place that you have seen.
                   A       B       C       D       E      F
               +-------+-------+-------+-------+-------+----------------------
         Total | 100.0 | 100.0 | 100.0 | 100.0 | 100.0 | 4618.7
       Dungeon |  45.5 |  44.6 |  70.4 |  50.0 |  19.9 | 1911.6
          Lair |  37.3 |  38.4 |   3.7 |  50.0 |  70.6 | 10190.4
  Orcish Mines |  12.0 |  11.5 |  25.9 |   0.0 |   5.8 | 1673.2
        Bailey |   5.2 |   5.4 |   0.0 |   0.0 |   3.7 | 4312.0
               +-------+-------+-------+-------+-------+----------------------
